 Dungeon Crawl Stone Soup version 0.30-a0-170-g85af917532 (webtiles) character file.

Game seed: 9424541968330008103

88 qw the Chopper (level 4, -1/28 HPs)
             Began as a Gargoyle Fighter on Sept 30, 2022.
             Killed by divine providence
             ... invoked by an orc priest
              (13 damage)
             ... on level 3 of the Dungeon.
             The game lasted 00:00:52 (1924 turns).

qw the Chopper (Gargoyle Fighter)                   Turns: 1924, Time: 00:00:52

Health: -1/28      AC: 13    Str: 22    XL:     4   Next: 53%
Magic:  4/4        EV:  7    Int:  8    God:
Gold:   147        SH:  4    Dex:  9    Spells: 3/3 levels left

rFire   . . .      SeeInvis .    Y - +1 war axe
rCold   . . .      Faith    .    c - +0 buckler
rNeg    + + .      Spirit   .    m - +0 chain mail
rPois   inf        Reflect  .    (no helmet)
rElec   +          Harm     .    g - +0 cloak
rCorr   .          Rampage  .    (no gloves)
Will    +....                    (no boots)
Stlth   ..........               j - amulet of the acrobat
HPRegen 0.09/turn                i - ring of willpower
MPRegen 0.09/turn                h - ring of positive energy

@: no status effects
A: sickness immunity, AC +3, negative energy resistance 1, electricity
resistance, torment resistance 1, petrification resistance
a: no special abilities


You were on level 3 of the Dungeon.
You visited 1 branch of the dungeon, and saw 3 of its levels.

You collected 147 gold pieces.


Innate Abilities, Weirdness & Mutations

You are immune to sickness and miasma.
Your stone body is resilient. (AC +3)
You are immune to poison.
You resist negative energy. (rN+)
You are resistant to electric shocks. (rElec)
You are resistant to unholy torment.
You are immune to petrification.


   Skills:
 - Level 3.2 Fighting
 + Level 4.2 Axes
 - Level 3.2 Armour
 - Level 3.2 Shields


You had 3 spell levels left.
You didn't know any spells.
Your spell library was empty.

Inventory:

Hand Weapons
 b - a +0 whip
 Y - a +1 war axe (weapon)
Armour
 c - a +0 buckler (worn)
 g - a +0 cloak (worn)
 m - a +0 chain mail (worn)
Jewellery
 h - a ring of positive energy (right hand)
 i - a ring of willpower (left hand)
 j - an amulet of the acrobat (around neck)
Scrolls
 a - 2 scrolls of identify
 l - 3 scrolls of teleportation
Potions
 d - 3 potions of might
 e - a potion of degeneration {unknown}
 k - a potion of haste {unknown}

Dungeon Overview and Level Annotations

Branches:
Dungeon (3/15)

Altars:

Shops:
D:1 [


Message History

You block the orc's attack.
You slash the orc!
You kill the orc!
You block the orc's attack.
You barely miss the gnoll. You closely miss the orc.
The orc hits you but does no damage.
The orc wizard mumbles some strange words.
The orc wizard flickers and vanishes!
Deactivating autopickup; reactivate with Ctrl-A.
The gnoll hits you with a +0 club.
You slash the gnoll!
You kill the gnoll!
You slash the orc!
You kill the orc!
The orc hits you but does no damage.
Things that are here:
a +0 dagger; a +0 club; an orc corpse You miss something.
Something hits you. The orc hits you but does no damage.
You hear some strange, mumbled words.
A magic dart appears from out of thin air!
The magic dart hits you! The orc barely misses you.
You miss something.
The orc hits you from afar with a +0 trident.
Something hits you but does no damage. The orc misses you.
You block the gnoll's attack.
Things that are here:
a +0 whip; a +0 long sword; a gnoll corpse You barely miss the gnoll.
You hit the orc. You miss something.
You hear some strange, mumbled words.
A magic dart appears from out of thin air!
The magic dart hits you but does no damage.
The orc hits you but does no damage. You block the gnoll's attack.
You slash the orc!
You kill the orc!
You miss something. You hit the gnoll. The gnoll hits you but does no damage.
Something hits you.
The orc priest invokes the aid of Beogh against you.
Beogh smites you!
You die...

### #..... .......
#. #..... ....#.#
... #..... ....#.#
#.# #..... #.#.#.#
#.# #..... #.#.#.#
#.# ....o #.#.#.#
#.#
#.g####.#.#.###.####
#.g@)..<............
#.##{###.##.........
#.#.## ##.#####<####
#...# #.# #.# ##..##
##.# #.# #....###.##
#.# ##.##...## #.#
#.###### #.# #.# #.#


You could see an orc priest, a gnoll and a hobgoblin.

Vanquished Creatures
  2 gnolls (D:3)
  An adder (D:2)
  3 orcs (D:3)
  8 bats
  3 endoplasms
  3 giant cockroaches
  10 goblins
  5 hobgoblins
  2 quokkas (D:2)
  6 ball pythons
  2 frilled lizards
  3 kobolds
  9 rats
57 creatures vanquished.

Notes
Turn   | Place    | Note
-------+----------+-------------------------------------------
     0 | D:1      | qw the Gargoyle Fighter began the quest for the Orb.
     0 | D:1      | Reached XP level 1. HP: 14/14 MP: 1/1
     0 | D:1      | 0 ||| qw: Version: 0.2-a-13-gfc7b4b4
     0 | D:1      | 0 ||| qw: Game counter: 1700
     0 | D:1      | 0 ||| qw: Always use a shield: true
     0 | D:1      | 0 ||| qw: God list: Okawaru
     0 | D:1      | 0 ||| qw: Allow faded altars: false
     0 | D:1      | 0 ||| qw: Do Orc after D:15 true
     0 | D:1      | 0 ||| qw: Do second Lair branch before Depths: true
     0 | D:1      | 0 ||| qw: Lair rune preference: random
     0 | D:1      | 0 ||| qw: Plans: Normal, Zot:1-4, God:TSO, Crypt, Tomb,
                  | Pan, Slime:5, Hells, Abyss, Orb
     0 | D:1      | 0 ||| PLANNING D:1-11
    35 | D:1      | Found Saarhak's Armour Shop.
    41 | D:1      | 41 ||| SHOPLISTING +0 pair of gloves (58 gold, have 12).
    41 | D:1      | 41 ||| SHOPLISTING +1 chain mail of fire resistance (214
                  | gold, have 12).
    41 | D:1      | 41 ||| SHOPLISTING +1 plate armour of Tempters {Str-5
                  | Int+3} (400 gold, have 12).
    41 | D:1      | 41 ||| SHOPLISTING +10 plate armour of ponderousness (650
                  | gold, have 12).
    41 | D:1      | 41 ||| SHOPLISTING +3 scale mail of fire resistance (338
                  | gold, have 12).
    80 | D:1      | Reached skill level 2 in Axes
   237 | D:1      | Reached XP level 2. HP: 19/19 MP: 2/2
   722 | D:1      | Reached skill level 3 in Axes
   809 | D:1      | 809 ||| Stepping ~*~*~tactically~*~*~ (stealth).
   819 | D:1      | Reached XP level 3. HP: 17/23 MP: 3/3
   974 | D:1      | 974 ||| UPGRADING to +0 cloak.
   979 | D:1      | 979 ||| UPGRADING to +0 chain mail.
   989 | D:1      | 989 ||| DROPPING +0 scale mail.
   990 | D:1      | 990 ||| UPGRADING to amulet of the acrobat.
   995 | D:1      | 995 ||| UPGRADING to ring of willpower.
   996 | D:1      | 996 ||| READING 2 scrolls labelled BUH RAITUAPTO.
   997 | D:1      | 997 ||| READING scroll labelled RAAHAR OSOA.
   998 | D:1      | 998 ||| READING 4 scrolls labelled IRGHAE WUUXTYL.
  1001 | D:1      | 1001 ||| READING 3 scrolls labelled WIX ACOXA WAFU.
  1002 | D:1      | 1002 ||| READING scroll labelled ASKEGH ZULESO.
  1003 | D:1      | 1003 ||| DROPPING 2 scrolls of noise.
  1148 | D:2      | 1148 ||| DROPPING +0 club.
  1237 | D:2      | 1237 ||| Stepping ~*~*~tactically~*~*~ (stealth).
  1365 | D:2      | Found a faded altar of an unknown god.
  1451 | D:2      | Reached XP level 4. HP: 28/28 MP: 4/4
  1789 | D:2      | 1789 ||| UPGRADING to ring of positive energy.
  1790 | D:2      | 1790 ||| READING scroll labelled PAOKUCEDISM.
  1865 | D:3      | Reached skill level 4 in Axes
  1881 | D:3      | 1881 ||| Stepping ~*~*~tactically~*~*~ (stealth).
  1885 | D:3      | 1885 ||| Stepping ~*~*~tactically~*~*~ (stealth).
  1908 | D:3      | 1908 ||| Stepping ~*~*~tactically~*~*~ (stealth).
  1912 | D:3      | 1912 ||| Stepping ~*~*~tactically~*~*~ (hiding).
  1913 | D:3      | 1913 ||| Stepping ~*~*~tactically~*~*~ (hiding).
  1924 | D:3      | Killed from afar by an orc priest

Levels and vault maps discovered:
D:1:      spicycebolla_green_bress_n_ham_2, layout_basic, serial_shops, shop,
          minmay_pentomino_w2
D:2:      layout_basic, ebering_ecumenical_altar_sacrificial
D:3:      layout_loops_ring, okawaru_trees_2

Skill      XL: |  1  2  3  4 |
---------------+-------------+-----
Axes           | 2 3 4 |  4.2
Fighting       | |  3.2
Armour         | |  3.2
Shields        | |  3.2

Action                   |  1- 3 |  4- 6 || total
-------------------------+-------+-------++-------
Melee: War axe           |   144 |    27 ||   171
  Use: Scroll            |     5 |     1 ||     6
Armor: Scale mail        |    45 |       ||    45
       Chain mail        |    46 |    15 ||    61
Dodge: Dodged            |    66 |     8 ||    74
Block: Buckler           |    27 |     8 ||    35

Table legend:
 A = Non-vault XP
 B = Vault XP
 C = Vault XP percentage of total XP
 D = Non-vault monster count
 E = Vault monster count
 F = Vault count percentage of total count
                 A         B        C        D         E       F
            +---------+---------+-------+---------+---------+-------
      Total |     126 |       3 |   2.3 |      55 |       2 |   3.5
            +---------+---------+-------+---------+---------+-------
        D:1 |      40 |       3 |   7.0 |      24 |       2 |   7.7
        D:2 |      47 |       0 |   0.0 |      25 |       0 |   0.0
        D:3 |      39 |       0 |   0.0 |       6 |       0 |   0.0
            +---------+---------+-------+---------+---------+-------
